| TOP OF THE 1ST |
|
Oregon State University Beavers batting - Pitching for University of Florida Gators : LHP Jason Fleet
|
|
Pitching: LHP Jason Fleet
|
|
|
Batting: SHB Sosaia Apelahama
|
0-0: Fly out, F8 (Flyball, 8RXD, EV 93.8 MPH)
|
|
Batting: RHB Lionello Pancaldi
|
0-0: Swinging Strike 0-1: Ball 1-1: Called Strike 1-2: Foul Ball, location: 2F 1-2: Fly out, F8 (Flyball, 8RD, EV 100.6 MPH)
|
|
Batting: LHB Jason Trevarrow
|
0-0: Foul Ball, location: 2F 0-1: Ball 1-1: Ball 2-1: Foul Ball, location: 2F 2-2: Ball 3-2: Strikes out swinging
|
| Top of the 1st over - 0 runs, 0 hits, 0 errors, 0 left on base; Oregon State University 0 - University of Florida 0 |
| BOTTOM OF THE 1ST |
|
University of Florida Gators batting - Pitching for Oregon State University Beavers : RHP Edwin Zelaya
|
|
Pitching: RHP Edwin Zelaya
|
|
|
Batting: RHB Jiao-long Zhào
|
0-0: Foul Ball, location: 2F 0-1: Ball 1-1: Ball 2-1: Fly out, F8 (Flyball, 78D, EV 108.8 MPH)
|
|
Batting: SHB Tokuichi Ishida
|
0-0: Called Strike 0-1: Ball 1-1: Ground out 5-3 (Groundball, 5, EV 101.2 MPH)
|
|
Batting: RHB Gong-sun Law
|
0-0: SINGLE (Flyball, 9LS, EV 91.9 MPH)
|
|
Batting: RHB Lião Weishampt
|
0-0: Fielders Choice at 2nd, 6-4 (Groundball, 6, EV 90.0 MPH)
|
| Bottom of the 1st over - 0 runs, 1 hit, 0 errors, 1 left on base; Oregon State University 0 - University of Florida 0 |
| TOP OF THE 2ND |
|
Oregon State University Beavers batting - Pitching for University of Florida Gators : LHP Jason Fleet
|
|
Batting: RHB Rod Stuart
|
0-0: Ball 1-0: Called Strike 1-1: Ball 2-1: Ball 3-1: Base on Balls
|
|
Batting: RHB Adam Hibbard
|
0-0: Ball 1-0: Foul Ball, location: 2F 1-1: SINGLE (Groundball, 4D, EV 103.1 MPH) Rod Stuart to second Runner from 2nd tries for 3rd, SAFE, throw by CF made to third
|
|
Batting: LHB Pablo Fraga
|
0-0: Ball 1-0: Fielders Choice at 2nd, 4-6 (Groundball, 34, EV 89.4 MPH) Rod Stuart scores
|
|
Batting: LHB Jon Hamilton
|
0-0: Swinging Strike 0-1: Ball 1-1: Swinging Strike 1-2: Ball 2-2: Ball 3-2: Strikes out looking
|
|
Batting: RHB Bai-luo Huo
|
0-0: DOUBLE (Line Drive, 78D, EV 101.2 MPH) Pablo Fraga to third Runner from 3rd tries for Home, SAFE, no throw by CF
|
|
Batting: LHB Jordan Melendez
|
0-0: Ball 1-0: Ground out 6-3 (Groundball, 6, EV 101.2 MPH)
|
| Top of the 2nd over - 2 runs, 2 hits, 0 errors, 1 left on base; Oregon State University 2 - University of Florida 0 |
| BOTTOM OF THE 2ND |
|
University of Florida Gators batting - Pitching for Oregon State University Beavers : RHP Edwin Zelaya
|
|
Batting: LHB Davey Groen
|
0-0: Swinging Strike 0-1: Swinging Strike 0-2: Strikes out looking
|
|
Batting: RHB Jae-won Kwon
|
0-0: Foul Ball, location: 2F 0-1: Ball 1-1: Swinging Strike 1-2: Strikes out looking
|
|
Batting: RHB Joy-shan Zhu
|
0-0: Ball 1-0: Ball 2-0: Ball 3-0: Base on Balls
|
|
Batting: RHB Josh Curtis
|
0-0: Swinging Strike 0-1: Ball 1-1: Ground out 2-3 (Groundball, 2L, EV 61.9 MPH)
|
| Bottom of the 2nd over - 0 runs, 0 hits, 0 errors, 1 left on base; Oregon State University 2 - University of Florida 0 |
| TOP OF THE 3RD |
|
Oregon State University Beavers batting - Pitching for University of Florida Gators : LHP Jason Fleet
|
|
Batting: SHB Sosaia Apelahama
|
0-0: Called Strike 0-1: Ball 1-1: Ball 2-1: Ball 3-1: Foul Ball, location: 2F 3-2: Strikes out swinging
|
|
Batting: RHB Lionello Pancaldi
|
0-0: Swinging Strike 0-1: Ball 1-1: Ball 2-1: Ground out 6-3 (Groundball, 6, EV 82.5 MPH)
|
|
Batting: LHB Jason Trevarrow
|
0-0: Called Strike 0-1: Ball 1-1: Foul Ball, location: 2F 1-2: Ball 2-2: SINGLE (Groundball, 34D, EV 101.2 MPH)
|
|
Batting: RHB Rod Stuart
|
0-0: Called Strike 0-1: Ball 1-1: Swinging Strike 1-2: Fielders Choice at 2nd, 5-4 (Groundball, 56, EV 87.5 MPH)
|
| Top of the 3rd over - 0 runs, 1 hit, 0 errors, 1 left on base; Oregon State University 2 - University of Florida 0 |
| BOTTOM OF THE 3RD |
|
University of Florida Gators batting - Pitching for Oregon State University Beavers : RHP Edwin Zelaya
|
|
Batting: RHB Conz Laufenberg
|
0-0: Called Strike 0-1: Fly out, F8 (Flyball, 8LM, EV 81.2 MPH)
|
|
Batting: RHB Jiao-long Zhào
|
0-0: Ball 1-0: Called Strike 1-1: Ball 2-1: Foul Ball, location: 2F 2-2: Strikes out looking
|
|
Batting: SHB Tokuichi Ishida
|
0-0: Ball 1-0: Ball 2-0: Foul Ball, location: 2F 2-1: Ball 3-1: Foul Ball, location: 2F 3-2: Foul Ball, location: 2F 3-2: Foul Ball, location: 2F 3-2: Fly out, F6 (Flyball, 6D, EV 86.2 MPH)
|
| Bottom of the 3rd over - 0 runs, 0 hits, 0 errors, 0 left on base; Oregon State University 2 - University of Florida 0 |
| TOP OF THE 4TH |
|
Oregon State University Beavers batting - Pitching for University of Florida Gators : LHP Jason Fleet
|
|
Batting: RHB Adam Hibbard
|
0-0: Ball 1-0: Fly out, F9 (Flyball, 9, EV 86.2 MPH)
|
|
Batting: LHB Pablo Fraga
|
0-0: Called Strike 0-1: Foul Ball, location: 2F 0-2: Strikes out swinging
|
|
Batting: LHB Jon Hamilton
|
0-0: Ball 1-0: Ball 2-0: Called Strike 2-1: Swinging Strike 2-2: Foul Ball, location: 2F 2-2: Foul Ball, location: 2F 2-2: Strikes out swinging
|
| Top of the 4th over - 0 runs, 0 hits, 0 errors, 0 left on base; Oregon State University 2 - University of Florida 0 |
| BOTTOM OF THE 4TH |
|
University of Florida Gators batting - Pitching for Oregon State University Beavers : RHP Edwin Zelaya
|
|
Batting: RHB Gong-sun Law
|
0-0: Called Strike 0-1: Called Strike 0-2: Ball 1-2: Strikes out swinging
|
|
Batting: RHB Lião Weishampt
|
0-0: Swinging Strike 0-1: Foul Ball, location: 2F 0-2: Fly out, F8 (Flyball, 8LD, EV 88.8 MPH)
|
|
Batting: LHB Davey Groen
|
0-0: Swinging Strike 0-1: Foul Ball, location: 2F 0-2: Reached on error, E1 (Groundball, 15, EV 70.6 MPH)
|
|
Batting: RHB Jae-won Kwon
|
0-0: Called Strike 0-1: Swinging Strike 0-2: Ball 1-2: Foul Ball, location: 2F 1-2: Ball 2-2: DOUBLE (Groundball, 5L, EV 105.6 MPH) Davey Groen scores
|
|
Batting: RHB Joy-shan Zhu
|
0-0: Fly out, F4 (Popup, 4M, EV 53.1 MPH)
|
| Bottom of the 4th over - 1 run, 1 hit, 1 error, 1 left on base; Oregon State University 2 - University of Florida 1 |
| TOP OF THE 5TH |
|
Oregon State University Beavers batting - Pitching for University of Florida Gators : LHP Jason Fleet
|
|
Batting: RHB Bai-luo Huo
|
0-0: Ball 1-0: Called Strike 1-1: Called Strike 1-2: Foul Ball, location: 2F 1-2: Foul Ball, location: 2F 1-2: Ball 2-2: Strikes out swinging
|
|
Batting: LHB Jordan Melendez
|
0-0: Ball 1-0: Swinging Strike 1-1: Called Strike 1-2: Strikes out swinging
|
|
Batting: SHB Sosaia Apelahama
|
0-0: Called Strike 0-1: Ground out 6-3 (Groundball, 6, EV 98.8 MPH)
|
| Top of the 5th over - 0 runs, 0 hits, 0 errors, 0 left on base; Oregon State University 2 - University of Florida 1 |
| BOTTOM OF THE 5TH |
|
University of Florida Gators batting - Pitching for Oregon State University Beavers : RHP Edwin Zelaya
|
|
Pitching: RHP Paul Cooke
|
|
|
Now at 1B: Kyle McCunn
|
|
|
Batting: RHB Josh Curtis
|
0-0: DOUBLE (Flyball, 89D, EV 105.0 MPH)
|
|
Batting: RHB Conz Laufenberg
|
0-0: Foul Ball, location: 2F 0-1: Fly out, F7 (Flyball, 78S, EV 91.9 MPH)
|
|
Batting: RHB Jiao-long Zhào
|
0-0: Ball 1-0: Ball 2-0: Bunt missed! 2-1: Ball 3-1: SINGLE (Groundball, 34, EV 109.4 MPH) Josh Curtis to third
|
|
Batting: SHB Tokuichi Ishida
|
0-0: Ball Jiao-long Zhào steals 2nd base 1-0: Ball 2-0: SINGLE (Flyball, 78S, EV 86.2 MPH) Josh Curtis scores Jiao-long Zhào to third Runner from 3rd tries for Home, SAFE, throw by CF to home
|
|
Pinch Hitting: RHB Dante Cossiga
|
0-0: Fly out, F8 (Line Drive, 89D, EV 103.8 MPH)
|
|
Pinch Hitting: RHB Keith Kamerling
|
0-0: Ball Tokuichi Ishida steals 2nd base 1-0: Called Strike 1-1: Foul Ball, location: 2F 1-2: Ball 2-2: Ground out U3 (Groundball, 3, EV 105.0 MPH)
|
| Bottom of the 5th over - 2 runs, 3 hits, 0 errors, 1 left on base; Oregon State University 2 - University of Florida 3 |
| TOP OF THE 6TH |
|
Oregon State University Beavers batting - Pitching for University of Florida Gators : LHP Jason Fleet
|
|
Pitching: LHP Jorge Guadalupe
|
|
|
Now at 3B: Juan Lopez
|
|
|
Now at SS: Davey Groen
|
|
|
Now in LF: Keith Kamerling
|
|
|
Now in CF: Juan Cadavid
|
|
|
Pinch Hitting: RHB Jake Rothenberger
|
0-0: Called Strike 0-1: Fly out, F9 (Flyball, 89M, EV 81.9 MPH)
|
|
Batting: RHB Kyle McCunn
|
0-0: Called Strike 0-1: Ball 1-1: Called Strike 1-2: Strikes out looking
|
|
Batting: RHB Rod Stuart
|
0-0: Ball 1-0: Reached on error, E6 (Groundball, 6, EV 102.5 MPH)
|
|
Batting: RHB Rafael Ventura
|
0-0: Called Strike 0-1: Ball 1-1: Called Strike 1-2: Ball 2-2: Foul Ball, location: 2F 2-2: Foul Ball, location: 2F 2-2: Ball 3-2: Fly out, F9 (Flyball, 9, EV 97.5 MPH)
|
| Top of the 6th over - 0 runs, 0 hits, 1 error, 1 left on base; Oregon State University 2 - University of Florida 3 |
| BOTTOM OF THE 6TH |
|
University of Florida Gators batting - Pitching for Oregon State University Beavers : RHP Paul Cooke
|
|
Now at C: Dave Crum
|
|
|
Now in CF: Jake Rothenberger
|
|
|
Batting: LHB Davey Groen
|
0-0: Ball 1-0: Foul Ball, location: 2F 1-1: Ground out 4-3 (Groundball, 4M, EV 80.6 MPH)
|
|
Pinch Hitting: RHB Manny Harrison
|
0-0: Foul Ball, location: 2F 0-1: DOUBLE (Line Drive, 9LM, EV 101.2 MPH)
|
|
Pinch Hitting: RHB Hiromichi Takamoto
|
0-0: Called Strike 0-1: Ball 1-1: Ground out 5-3 (Groundball, 56, EV 84.4 MPH)
|
|
Batting: RHB Josh Curtis
|
0-0: Ball 1-0: Ball 2-0: Called Strike 2-1: Ball 3-1: Base on Balls
|
|
Pinch Hitting: RHB Hyo-kon Lee
|
0-0: Fielders Choice at 2nd, 6-4 (Groundball, 6D, EV 101.9 MPH)
|
| Bottom of the 6th over - 0 runs, 1 hit, 0 errors, 2 left on base; Oregon State University 2 - University of Florida 3 |
| TOP OF THE 7TH |
|
Oregon State University Beavers batting - Pitching for University of Florida Gators : LHP Jorge Guadalupe
|
|
Now at C: Vince Trussell
|
|
|
Now at 1B: Manny Harrison
|
|
|
Now at 2B: Michael Medina
|
|
|
Now in CF: Nelson Carachure
|
|
|
Now in RF: Juan Cadavid
|
|
|
Pinch Hitting: RHB Marco Favela
|
0-0: Swinging Strike 0-1: SINGLE (Groundball, 6MS, EV 70.0 MPH) (infield hit)
|
|
Pinch Hitting: LHB Soo-yeon Kym
|
0-0: Ball Marco Favela is caught stealing 2nd base 2-6 1-0: Ball 2-0: Called Strike 2-1: Foul Ball, location: 2F 2-2: Ball 3-2: Foul Ball, location: 2F 3-2: SINGLE (Groundball, 4D, EV 102.5 MPH)
|
|
Pinch Hitting: LHB Brock Darby
|
0-0: Swinging Strike 0-1: Fielders Choice at 2nd, 4-6 (Groundball, 4, EV 104.4 MPH)
|
|
Pinch Hitting: SHB Eric Robertson
|
0-0: Foul Ball, location: 2F 0-1: Swinging Strike 0-2: Strikes out looking
|
| Top of the 7th over - 0 runs, 2 hits, 0 errors, 1 left on base; Oregon State University 2 - University of Florida 3 |
| BOTTOM OF THE 7TH |
|
University of Florida Gators batting - Pitching for Oregon State University Beavers : RHP Paul Cooke
|
|
Pitching: LHP Yin-reng Deng
|
|
|
Now at 2B: Brock Darby
|
|
|
Now at 3B: Eric Robertson
|
|
|
Now in LF: Soo-yeon Kym
|
|
|
Now in RF: Marco Favela
|
|
|
Batting: RHB Juan Lopez
|
0-0: Ball 1-0: Ball 2-0: Foul Ball, location: 2F 2-1: Fly out, F8 (Flyball, 8LD, EV 97.5 MPH)
|
|
Batting: SHB Pat Justice
|
0-0: Ball 1-0: Fly out, F8 (Flyball, 8LXD, EV 101.9 MPH)
|
|
Batting: LHB Juan Cadavid
|
0-0: Called Strike 0-1: Ball 1-1: DOUBLE (Groundball, 3L, EV 103.1 MPH)
|
|
Batting: RHB Keith Kamerling
|
0-0: Ball 1-0: DOUBLE (Flyball, 8LXD, EV 101.2 MPH) Juan Cadavid scores
|
|
Batting: LHB Davey Groen
|
0-0: Foul Ball, location: 2F 0-1: SINGLE (Flyball, 89S, EV 98.1 MPH) Keith Kamerling to third
|
|
Batting: RHB Manny Harrison
|
0-0: Called Strike 0-1: Ball 1-1: Ball 2-1: Ball 3-1: Called Strike 3-2: SINGLE (Groundball, 56D, EV 103.8 MPH) Keith Kamerling scores Davey Groen to second Davey Groen to third
|
|
Batting: SHB Nelson Carachure
|
0-0: Ball 1-0: Foul Ball, location: 2F 1-1: Ball 2-1: Fly out, F8 (Flyball, 8LD, EV 97.5 MPH)
|
| Bottom of the 7th over - 2 runs, 4 hits, 0 errors, 2 left on base; Oregon State University 2 - University of Florida 5 |
| TOP OF THE 8TH |
|
Oregon State University Beavers batting - Pitching for University of Florida Gators : LHP Jorge Guadalupe
|
|
Pitching: RHP Gwang-sam Choe
|
|
|
Batting: SHB Sosaia Apelahama
|
0-0: Ball 1-0: Ball 2-0: Ball 3-0: Base on Balls
|
|
Batting: RHB Jake Rothenberger
|
0-0: Ball 1-0: Fielders Choice at 2nd, 6-4 (Groundball, 6, EV 83.8 MPH)
|
|
Pinch Hitting: SHB Jim Chute
|
0-0: Foul Ball, location: 2F 0-1: Swinging Strike 0-2: Ball 1-2: Ball 2-2: Strikes out looking
|
|
Batting: RHB Dave Crum
|
0-0: Ball 1-0: Ball 2-0: Called Strike 2-1: Foul Ball, location: 2F 2-2: Strikes out swinging
|
| Top of the 8th over - 0 runs, 0 hits, 0 errors, 1 left on base; Oregon State University 2 - University of Florida 5 |
| BOTTOM OF THE 8TH |
|
University of Florida Gators batting - Pitching for Oregon State University Beavers : LHP Yin-reng Deng
|
|
Pitching: RHP Nick Henry
|
|
|
Now at 1B: Luis Flores
|
|
|
Batting: SHB Michael Medina
|
0-0: Ball 1-0: Ball 2-0: Foul Ball, location: 2F 2-1: Ball 3-1: Foul Ball, location: 2F 3-2: Foul Ball, location: 2F 3-2: Strikes out swinging
|
|
Batting: RHB Vince Trussell
|
0-0: Called Strike 0-1: Ball 1-1: Foul Ball, location: 2F 1-2: Ground out 6-3 (Groundball, 56, EV 106.2 MPH)
|
|
Batting: RHB Juan Lopez
|
0-0: Fly out, F8 (Flyball, 8RD, EV 93.8 MPH)
|
| Bottom of the 8th over - 0 runs, 0 hits, 0 errors, 0 left on base; Oregon State University 2 - University of Florida 5 |
| TOP OF THE 9TH |
|
Oregon State University Beavers batting - Pitching for University of Florida Gators : RHP Gwang-sam Choe
|
|
Pitching: RHP Sam Rekowski
|
|
|
Batting: RHB Rafael Ventura
|
0-0: Ball 1-0: Ground out 4-3 (Groundball, 4, EV 80.6 MPH)
|
|
Batting: RHB Marco Favela
|
0-0: Called Strike 0-1: Foul Ball, location: 2F 0-2: Ball 1-2: Foul Ball, location: 2F 1-2: Ball 2-2: Ground out 4-3 (Groundball, 4, EV 86.2 MPH)
|
|
Pinch Hitting: RHB Israel Soto
|
0-0: Called Strike 0-1: Called Strike 0-2: Strikes out looking
|
| Top of the 9th over - 0 runs, 0 hits, 0 errors, 0 left on base; Oregon State University 2 - University of Florida 5 |
|